AoeStats
← Pica das Galaxias

Nomad

509929992Analyzed
3v3 RM · 4d ago on Sep 28, 2026· 55m 19s· 6 players
Game mode
Random Map
Map size
210×210
Population
200
Speed
Normal
Resources
Standard
Victory
Conquest
Starting age
Dark Age
Ending age
Imperial Age
RankedLock teamsTeams togetherTeam positionsShared explorationLock speedFull tech treeHidden civsTurbo modeCheats
Victory
Defeat
🇳🇱 Franks · Netherlands
805
+14
🇳🇱 Bohemians · Netherlands
739
+17
🇺🇦 Vietnamese · Ukraine
733
+17
🇩🇪 Italians · Germany
818
-19
🇧🇷 Byzantines · Brazil
761
-16
🇧🇷 Britons · Brazil
685
-13
plan4itos
14:34 Loom
18:06 Feudal Age
19:46 Horse Collar
19:56 Town Watch
22:40 Castle Age
20:38 Fletching
21:56 Wheelbarrow
25:15 Heavy Plow
33:52 Imperial Age
33:13 Bodkin Arrow
36:39 Bracer
36:39 Padded Archer Armor
45:31 Ballistics
46:12 Chemistry
45:29 Leather Archer Armor
45:30 Forging
45:26 Scale Barding Armor
47:57 Iron Casting
48:48 Thumb Ring
48:04 Elite Skirmisher
53:43 Imperial Skirmisher
55:08 Ring Archer Armor
54:59 Chain Barding Armor
JiB'S
15:28 Feudal Age
16:00 Double-Bit Axe
24:36 Castle Age
23:56 Forging
26:06 Bow Saw
26:51 Medium Warships
29:56 Caravan
30:49 Coinage
42:10 Imperial Age
39:30 Town Watch
40:48 Ballistics
40:58 Masonry
41:22 Fletching
41:33 Padded Archer Armor
43:00 Gold Mining
44:05 Elite Throwing Axeman
44:52 Chivalry
45:44 Conscription
45:47 Cavalier
47:03 Architecture
46:45 Treadmill Crane
47:08 Husbandry
48:24 Hoardings
54:13 Paladin
55:04 Scale Barding Armor
55:35 Iron Casting
54:55 Bodkin Arrow
55:16 Leather Archer Armor
nel
11:15 Loom
16:21 Feudal Age
17:28 Double-Bit Axe
17:24 Horse Collar
23:49 Castle Age
21:53 Man-at-Arms
24:41 Scale Barding Armor
24:39 Husbandry
25:36 Wheelbarrow
25:48 Pikeman
26:29 Squires
27:05 Hand Cart
29:27 Squires
29:24 Town Watch
32:29 Murder Holes
33:24 Caravan
37:50 Fortified Wall
39:32 Padded Archer Armor
39:43 Forging
44:00 Imperial Age
42:31 Scale Mail Armor
44:29 Chemistry
43:44 Fletching
44:55 Bow Saw
44:14 Halberdier
47:11 Two-Man Saw
46:14 Heavy Plow
46:48 Conscription
46:19 Elite Skirmisher
47:26 Imperial Skirmisher
48:04 Bodkin Arrow
48:56 Wagenburg Tactics
50:14 Leather Archer Armor
55:02 Iron Casting
S3r!ousLE3
6:30 Loom
14:23 Feudal Age
15:09 Town Watch
15:23 Double-Bit Axe
21:45 Castle Age
20:25 Fletching
22:57 Bow Saw
25:39 Imperial Age
23:41 Medium Warships
24:03 Bodkin Arrow
25:15 Clinker Construction
Tompzera
5:21 Loom
13:58 Feudal Age
15:25 Wheelbarrow
17:46 Castle Age
16:39 Town Watch
18:18 Pikeman
19:26 Double-Bit Axe
19:21 Light Cavalry
20:02 Fishing Lines
20:14 Fishing Lines
20:54 Stone Mining
21:02 Horse Collar
21:46 Bow Saw
21:47 Treadmill Crane
23:16 Hand Cart
23:39 Heavy Plow
28:43 Fletching
30:04 Gold Mining
30:33 Bodkin Arrow
34:47 Imperial Age
34:01 Elite Skirmisher
35:32 Town Patrol
36:11 Padded Archer Armor
36:13 Bracer
38:12 Forging
38:24 Cranequins
38:31 Light Cavalry
41:02 Chemistry
39:58 Murder Holes
41:46 Warwolf
42:08 Conscription
43:25 Halberdier
48:05 Ballistics
51:32 Crossbowman
Pica das Galaxias
3:29 Loom
16:06 Feudal Age
18:13 Wheelbarrow
21:52 Castle Age
19:42 Fishing Lines
21:11 Double-Bit Axe
21:38 Stone Mining
21:49 Gold Mining
22:51 Hand Cart
23:28 Bow Saw
24:35 Horse Collar
27:14 Stone Shaft Mining
27:10 Crossbowman
28:10 Treadmill Crane
32:52 Forging
32:33 Fletching
33:46 Heavy Plow
40:48 Imperial Age
38:07 Arson
38:23 Squires
37:43 Pikeman
39:28 Iron Casting
38:49 Bodkin Arrow
38:54 Padded Archer Armor
38:55 Scale Mail Armor
39:00 Scale Barding Armor
38:48 Elite Skirmisher
39:57 Murder Holes
42:12 Conscription
43:33 Chemistry
44:37 Two-Man Saw
44:51 Arbalester
49:04 Thumb Ring
50:14 Onager
50:14 Capped Ram
51:36 Logistica
52:44 Bracer
53:01 Leather Archer Armor
53:01 Chain Mail Armor
53:07 Chain Barding Armor
53:26 Gold Shaft Mining
Connection lost

Rejoining the realm…

Still unreachable

The connection could not be restored.

Session expired

The server has moved on; the page needs a fresh start.